| TOP OF THE 1ST |
|
Colorado (EL) Rockies batting - Pitching for San Jose Giants : LHP Randy Monaco
|
|
Pitching: LHP Randy Monaco
|
|
|
Batting: LHB Nick Martin
|
0-0: Called Strike 0-1: Foul Ball, location: 2F 0-2: Ball 1-2: Ground out 3-1 (Groundball, 34, EV 90.6 MPH)
|
|
Batting: RHB Matviy Oliynyk
|
0-0: Foul Ball, location: 2F 0-1: Called Strike 0-2: Fly out, F9 (Flyball, 9D, EV 88.1 MPH)
|
|
Batting: SHB Bobby Santor
|
0-0: Ball 1-0: Foul Ball, location: 2F 1-1: Fly out, F3 (Popup, 3F, EV 74.4 MPH)
|
| Top of the 1st over - 0 runs, 0 hits, 0 errors, 0 left on base; Colorado (EL) 0 - San Jose 0 |
| BOTTOM OF THE 1ST |
|
San Jose Giants batting - Pitching for Colorado (EL) Rockies : RHP Josh Blaschke
|
|
Pitching: RHP Josh Blaschke
|
|
|
Batting: RHB Mario Mendoza
|
0-0: Called Strike 0-1: Swinging Strike 0-2: Ball 1-2: Foul Ball, location: 2F 1-2: Ball 2-2: Reached on error, E6 (Groundball, 56, EV 100.6 MPH)
|
|
Batting: LHB Mike Roberts
|
0-0: Ground out 1-3 (Groundball, 15S, EV 66.9 MPH)
|
|
Batting: RHB Troy Trice
|
0-0: Ball 1-0: Ball 2-0: Ball 3-0: Ground out 5-3 (Groundball, 56S, EV 82.5 MPH)
|
|
Batting: RHB Frank Pena
|
0-0: Ball 1-0: Foul Ball, location: 2F 1-1: Ground out 6-3 (Groundball, 6, EV 101.9 MPH)
|
| Bottom of the 1st over - 0 runs, 0 hits, 1 error, 1 left on base; Colorado (EL) 0 - San Jose 0 |
| TOP OF THE 2ND |
|
Colorado (EL) Rockies batting - Pitching for San Jose Giants : LHP Randy Monaco
|
|
Batting: RHB Zakhar Edelman
|
0-0: SINGLE (Groundball, 34D, EV 101.9 MPH)
|
|
Batting: RHB Chris Osting
|
0-0: Ball 1-0: Called Strike 1-1: SINGLE (Groundball, 6MD, EV 103.8 MPH) Zakhar Edelman to second
|
|
Batting: RHB Pei Xie
|
0-0: Called Strike 0-1: Called Strike 0-2: Strikes out swinging
|
|
Batting: RHB Andy Rayer
|
0-0: Foul Ball, location: 2F 0-1: Ball 1-1: Called Strike 1-2: Fielders Choice at 2nd, 6-4 (Groundball, 6S, EV 83.1 MPH) Zakhar Edelman to third
|
|
Batting: LHB Paul McClintock
|
0-0: Called Strike 0-1: Ball 1-1: Ball 2-1: Called Strike 2-2: Ball 3-2: Foul Ball, location: 2F 3-2: Base on Balls Andy Rayer to second
|
|
Batting: RHB Kevin McKasson
|
0-0: Ball 1-0: SINGLE (Groundball, 6D, EV 106.2 MPH) Zakhar Edelman scores Andy Rayer to third Paul McClintock to second Runner from 3rd tries for Home, SAFE, throw by CF to home
|
|
Batting: LHB Nick Martin
|
0-0: Ball 1-0: Ball 2-0: Foul Ball, location: 2F 2-1: Ball 3-1: Called Strike 3-2: Foul Ball, location: 2F 3-2: Foul Ball, location: 2F 3-2: Foul Ball, location: 2F 3-2: Base on Balls Paul McClintock to third Kevin McKasson to second
|
|
Batting: RHB Matviy Oliynyk
|
0-0: Called Strike 0-1: Foul Ball, location: 2F 0-2: Foul Ball, location: 2F 0-2: Fielders Choice at 2nd, U4 (Groundball, 4M, EV 80.6 MPH)
|
| Top of the 2nd over - 2 runs, 3 hits, 0 errors, 3 left on base; Colorado (EL) 2 - San Jose 0 |
| BOTTOM OF THE 2ND |
|
San Jose Giants batting - Pitching for Colorado (EL) Rockies : RHP Josh Blaschke
|
|
Batting: RHB Coen Dirks
|
0-0: Reached on error, E2 (Groundball, 15S, EV 68.8 MPH)
|
|
Batting: RHB Josh Truell
|
0-0: Ball 1-0: Fly out, F9 (Line Drive, 9, EV 100.0 MPH)
|
|
Batting: RHB Bob Schweiger
|
0-0: Called Strike 0-1: Foul Ball, location: 2F 0-2: Ball 1-2: Ball 2-2: Ball 3-2: Ground out 6-3 (Groundball, 6, EV 83.8 MPH) Coen Dirks to third
|
|
Batting: SHB Zack Barton
|
0-0: Ball 1-0: Ball 2-0: Called Strike 2-1: Ground out 4-3 (Groundball, 4, EV 85.6 MPH)
|
| Bottom of the 2nd over - 0 runs, 0 hits, 1 error, 1 left on base; Colorado (EL) 2 - San Jose 0 |
| TOP OF THE 3RD |
|
Colorado (EL) Rockies batting - Pitching for San Jose Giants : LHP Randy Monaco
|
|
Batting: SHB Bobby Santor
|
0-0: Ground out 6-3 (Groundball, 6, EV 77.5 MPH)
|
|
Batting: RHB Zakhar Edelman
|
0-0: Called Strike 0-1: SINGLE (Groundball, 56D, EV 100.0 MPH)
|
|
Batting: RHB Chris Osting
|
0-0: Ball 1-0: Called Strike 1-1: Ground out 6-3 (Groundball, 6S, EV 65.0 MPH) Zakhar Edelman to second
|
|
Batting: RHB Pei Xie
|
0-0: Called Strike 0-1: Ball 1-1: Ball 2-1: Swinging Strike 2-2: Strikes out looking
|
| Top of the 3rd over - 0 runs, 1 hit, 0 errors, 1 left on base; Colorado (EL) 2 - San Jose 0 |
| BOTTOM OF THE 3RD |
|
San Jose Giants batting - Pitching for Colorado (EL) Rockies : RHP Josh Blaschke
|
|
Batting: RHB Teruhide Horiuchi
|
0-0: Fly out, F9 (Flyball, 9LSF, EV 85.6 MPH)
|
|
Batting: RHB Mario Mendoza
|
0-0: Ball 1-0: Foul Ball, location: 2F 1-1: Swinging Strike 1-2: Ground out 1-3 (Groundball, P, EV 70.0 MPH)
|
|
Batting: LHB Mike Roberts
|
0-0: Called Strike 0-1: Ball 1-1: Foul Ball, location: 2F 1-2: Foul Ball, location: 2F 1-2: Ball 2-2: Ground out U3 (Groundball, 34, EV 80.6 MPH)
|
| Bottom of the 3rd over - 0 runs, 0 hits, 0 errors, 0 left on base; Colorado (EL) 2 - San Jose 0 |
| TOP OF THE 4TH |
|
Colorado (EL) Rockies batting - Pitching for San Jose Giants : LHP Randy Monaco
|
|
Batting: RHB Andy Rayer
|
0-0: Ground out 2-3 (Groundball, 2R, EV 65.6 MPH)
|
|
Batting: LHB Paul McClintock
|
0-0: Hit by Pitch
|
|
Batting: RHB Kevin McKasson
|
0-0: Foul Ball, location: 2F 0-1: Fielders Choice at 2nd, 6-4 (Groundball, 6, EV 78.8 MPH)
|
|
Pitching: RHP Eddie Ramirez
|
|
|
Batting: LHB Nick Martin
|
0-0: Ball Kevin McKasson is caught stealing 2nd base 2-6
|
| Top of the 4th over - 0 runs, 0 hits, 0 errors, 0 left on base; Colorado (EL) 2 - San Jose 0 |
| BOTTOM OF THE 4TH |
|
San Jose Giants batting - Pitching for Colorado (EL) Rockies : RHP Josh Blaschke
|
|
Batting: RHB Troy Trice
|
0-0: Ball 1-0: Fly out, F8 (Flyball, 8RXD, EV 89.4 MPH)
|
|
Batting: RHB Frank Pena
|
0-0: Foul Ball, location: 2F 0-1: Ball 1-1: Fly out, F8 (Flyball, 8RXD, EV 98.8 MPH)
|
|
Batting: RHB Coen Dirks
|
0-0: Fly out, F8 (Line Drive, 8RM, EV 93.1 MPH)
|
| Bottom of the 4th over - 0 runs, 0 hits, 0 errors, 0 left on base; Colorado (EL) 2 - San Jose 0 |
| TOP OF THE 5TH |
|
Colorado (EL) Rockies batting - Pitching for San Jose Giants : RHP Eddie Ramirez
|
|
Batting: LHB Nick Martin
|
0-0: Ball 1-0: Swinging Strike 1-1: Ball 2-1: Called Strike 2-2: Ball 3-2: SINGLE (Groundball, 4M, EV 95.0 MPH)
|
|
Batting: RHB Matviy Oliynyk
|
0-0: Called Strike 0-1: Ball Nick Martin is caught stealing 2nd base 2-4 1-1: Foul Ball, location: 2F 1-2: Fly out, F9 (Flyball, 89D, EV 103.1 MPH)
|
|
Batting: SHB Bobby Santor
|
0-0: Called Strike 0-1: Foul Ball, location: 2F 0-2: Fly out, F7 (Flyball, 7LD, EV 96.9 MPH)
|
| Top of the 5th over - 0 runs, 1 hit, 0 errors, 0 left on base; Colorado (EL) 2 - San Jose 0 |
| BOTTOM OF THE 5TH |
|
San Jose Giants batting - Pitching for Colorado (EL) Rockies : RHP Josh Blaschke
|
|
Batting: RHB Josh Truell
|
0-0: Ball 1-0: Ground out U3 (Groundball, 3, EV 103.8 MPH)
|
|
Batting: RHB Bob Schweiger
|
0-0: Called Strike 0-1: Foul Ball, location: 2F 0-2: Foul Ball, location: 2F 0-2: Ball 1-2: Ball 2-2: Strikes out looking
|
|
Batting: SHB Zack Barton
|
0-0: Ball 1-0: Ground out 6-3 (Groundball, P, EV 81.9 MPH)
|
| Bottom of the 5th over - 0 runs, 0 hits, 0 errors, 0 left on base; Colorado (EL) 2 - San Jose 0 |
| TOP OF THE 6TH |
|
Colorado (EL) Rockies batting - Pitching for San Jose Giants : RHP Eddie Ramirez
|
|
Batting: RHB Zakhar Edelman
|
0-0: Called Strike 0-1: Ball 1-1: Ground out 4-3 (Groundball, 4S, EV 91.9 MPH)
|
|
Batting: RHB Chris Osting
|
0-0: Ball 1-0: Called Strike 1-1: Ball 2-1: Ball 3-1: Base on Balls
|
|
Batting: RHB Pei Xie
|
0-0: Fly out, F8 (Flyball, 8LM, EV 80.6 MPH)
|
|
Batting: RHB Andy Rayer
|
0-0: Fly out, F7 (Flyball, 7LM, EV 80.0 MPH)
|
| Top of the 6th over - 0 runs, 0 hits, 0 errors, 1 left on base; Colorado (EL) 2 - San Jose 0 |
| BOTTOM OF THE 6TH |
|
San Jose Giants batting - Pitching for Colorado (EL) Rockies : RHP Josh Blaschke
|
|
Batting: RHB Teruhide Horiuchi
|
0-0: Ball 1-0: Ground out 6-3 (Groundball, 4MS, EV 91.2 MPH)
|
|
Batting: RHB Mario Mendoza
|
0-0: Ball 1-0: Called Strike 1-1: Foul Ball, location: 2F 1-2: Foul Ball, location: 2F 1-2: Foul Ball, location: 2F 1-2: Foul Ball, location: 2F 1-2: SINGLE (Groundball, 56S, EV 69.4 MPH) (infield hit)
|
|
Batting: LHB Mike Roberts
|
0-0: Ball 1-0: Called Strike Mario Mendoza steals 2nd base 1-1: Ball Mario Mendoza is caught stealing 3rd base 2-5 2-1: Ball 3-1: Base on Balls
|
|
Batting: RHB Troy Trice
|
0-0: Ball 1-0: Ball 2-0: Called Strike 2-1: Called Strike 2-2: Fly out, F9 (Flyball, 89XD, EV 93.8 MPH)
|
| Bottom of the 6th over - 0 runs, 1 hit, 0 errors, 1 left on base; Colorado (EL) 2 - San Jose 0 |
| TOP OF THE 7TH |
|
Colorado (EL) Rockies batting - Pitching for San Jose Giants : RHP Eddie Ramirez
|
|
Pitching: LHP Jimmy Heinecke
|
|
|
Batting: LHB Paul McClintock
|
0-0: Called Strike 0-1: Ball 1-1: Ball 2-1: Ball 3-1: Ground out 6-3 (Groundball, 6, EV 105.6 MPH)
|
|
Batting: RHB Kevin McKasson
|
0-0: Foul Ball, location: 2F 0-1: Ball 1-1: Swinging Strike 1-2: Foul Ball, location: 2F 1-2: Ball 2-2: Foul Ball, location: 2F 2-2: Strikes out swinging
|
|
Batting: LHB Nick Martin
|
0-0: Called Strike 0-1: Called Strike 0-2: Foul Ball, location: 2F 0-2: Foul Ball, location: 2F 0-2: Ball 1-2: Foul Ball, location: 2F 1-2: Ball 2-2: Fly out, F9 (Line Drive, 9, EV 95.6 MPH)
|
| Top of the 7th over - 0 runs, 0 hits, 0 errors, 0 left on base; Colorado (EL) 2 - San Jose 0 |
| BOTTOM OF THE 7TH |
|
San Jose Giants batting - Pitching for Colorado (EL) Rockies : RHP Josh Blaschke
|
|
Batting: RHB Frank Pena
|
0-0: Ball 1-0: Called Strike 1-1: Swinging Strike 1-2: Ground out 2-3 (Groundball, 13S, EV 72.5 MPH)
|
|
Batting: RHB Coen Dirks
|
0-0: Fly out, F8 (Flyball, 8LXD, EV 103.8 MPH)
|
|
Batting: RHB Josh Truell
|
0-0: Swinging Strike 0-1: Foul Ball, location: 2F 0-2: Ball 1-2: Ball 2-2: SINGLE (Groundball, 15S, EV 71.9 MPH) (infield hit)
|
|
Pitching: RHP Manny Lebron
|
|
|
Batting: RHB Bob Schweiger
|
0-0: Ball 1-0: Foul Ball, location: 2F 1-1: Ball 2-1: Ball 3-1: Base on Balls Josh Truell to second
|
|
Batting: SHB Zack Barton
|
0-0: Ball 1-0: SINGLE (Groundball, 15S, EV 67.5 MPH) (infield hit) Josh Truell to third Bob Schweiger to second
|
|
Batting: RHB Teruhide Horiuchi
|
0-0: Ground out 1-3 (Groundball, 15S, EV 74.4 MPH)
|
| Bottom of the 7th over - 0 runs, 2 hits, 0 errors, 3 left on base; Colorado (EL) 2 - San Jose 0 |
| TOP OF THE 8TH |
|
Colorado (EL) Rockies batting - Pitching for San Jose Giants : LHP Jimmy Heinecke
|
|
Pitching: RHP Hiroaki Yazawa
|
|
|
Batting: RHB Matviy Oliynyk
|
0-0: Ground out 5-3 (Groundball, 56S, EV 86.9 MPH)
|
|
Batting: SHB Bobby Santor
|
0-0: Ball 1-0: Foul Ball, location: 2F 1-1: Ground out 4-3 (Groundball, 4, EV 98.1 MPH)
|
|
Batting: RHB Zakhar Edelman
|
0-0: Ball 1-0: Called Strike 1-1: Called Strike 1-2: DOUBLE (Line Drive, 9LD, EV 106.2 MPH)
|
|
Batting: RHB Chris Osting
|
0-0: Intentional Walk
|
|
Batting: RHB Pei Xie
|
0-0: SINGLE (Groundball, 56D, EV 96.9 MPH) Zakhar Edelman to third Chris Osting to second Runner from 3rd tries for Home, SAFE, throw by LF to home
|
|
Batting: RHB Andy Rayer
|
0-0: Fly out, F7 (Flyball, 7S, EV 94.4 MPH)
|
| Top of the 8th over - 1 run, 2 hits, 0 errors, 2 left on base; Colorado (EL) 3 - San Jose 0 |
| BOTTOM OF THE 8TH |
|
San Jose Giants batting - Pitching for Colorado (EL) Rockies : RHP Manny Lebron
|
|
Pitching: RHP Lorenzo Pacheco
|
|
|
Batting: RHB Mario Mendoza
|
0-0: Ground out 4-3 (Groundball, 4M, EV 90.0 MPH)
|
|
Batting: LHB Mike Roberts
|
0-0: Called Strike 0-1: Ground out 4-3 (Groundball, 4, EV 84.4 MPH)
|
|
Batting: RHB Troy Trice
|
0-0: Ball 1-0: Ball 2-0: Called Strike 2-1: Ball 3-1: Base on Balls
|
|
Batting: RHB Frank Pena
|
0-0: Called Strike 0-1: Ball 1-1: Ball 2-1: Fielders Choice at 2nd, 6-4 (Groundball, 6, EV 85.6 MPH)
|
| Bottom of the 8th over - 0 runs, 0 hits, 0 errors, 1 left on base; Colorado (EL) 3 - San Jose 0 |
| TOP OF THE 9TH |
|
Colorado (EL) Rockies batting - Pitching for San Jose Giants : RHP Hiroaki Yazawa
|
|
Pitching: RHP Brian Yinger
|
|
|
Batting: LHB Paul McClintock
|
0-0: Ball 1-0: Ball 2-0: Foul Ball, location: 2F 2-1: Ball 3-1: Base on Balls
|
|
Batting: RHB Kevin McKasson
|
0-0: Bunt missed! 0-1: Bunt missed! 0-2: Ball 1-2: Foul Ball, location: 2F 1-2: Ball 2-2: Fielders Choice at 2nd, 6-4 (Groundball, 6, EV 88.8 MPH)
|
|
Batting: LHB Nick Martin
|
0-0: Swinging Strike 0-1: Swinging Strike 0-2: Foul Ball, location: 2F 0-2: Ball 1-2: Strikes out swinging
|
|
Batting: RHB Matviy Oliynyk
|
0-0: Ball 1-0: Foul Ball, location: 2F 1-1: Ball 2-1: Swinging Strike 2-2: Foul Ball, location: 2F 2-2: Ball 3-2: Ground out U3 (Groundball, 3L, EV 84.4 MPH)
|
| Top of the 9th over - 0 runs, 0 hits, 0 errors, 1 left on base; Colorado (EL) 3 - San Jose 0 |
| BOTTOM OF THE 9TH |
|
San Jose Giants batting - Pitching for Colorado (EL) Rockies : RHP Lorenzo Pacheco
|
|
Pitching: RHP Jim Micaletti
|
|
|
Batting: RHB Coen Dirks
|
0-0: Ball 1-0: Fly out, F8 (Flyball, 8LM, EV 80.6 MPH)
|
|
Batting: RHB Josh Truell
|
0-0: Called Strike 0-1: Called Strike 0-2: Ball 1-2: Strikes out swinging
|
|
Batting: RHB Bob Schweiger
|
0-0: Called Strike 0-1: Ball 1-1: Swinging Strike 1-2: Strikes out swinging
|
| Bottom of the 9th over - 0 runs, 0 hits, 0 errors, 0 left on base; Colorado (EL) 3 - San Jose 0 |
|